[Event "SVK Extraliga 2019-20"]
[Site "Slovakia"]
[Date "2020.03.01"]
[Round "8.6"]
[White "Tropp, Lukas"]
[Black "Mydlarik, Martin"]
[Result "1/2-1/2"]
[ECO "B01"]
[WhiteElo "2121"]
[BlackElo "2089"]
[Annotator "ChessBase"]
[PlyCount "135"]
[EventDate "2019.10.19"]
[EventType "team-tourn"]
[EventCountry "SVK"]
[SourceTitle "playchess.com"]
[Source "ChessBase"]
[SourceQuality "1"]
[WhiteTeam "Kosice"]
[BlackTeam "Modra"]
[TimeControl "40/5400+30:1800+30"]

1. e4 d5 2. exd5 Qxd5 3. Nc3 Qa5 4. d4 Nf6 5. Nf3 Bf5 6. Ne5 c6 7. g4 Be4 8. f3 Bd5 9. Bd2 Qb6 10. Nxd5 cxd5 11. c3 e6 12. Qb3 Qxb3 13. axb3 Bd6 14. h3 Nfd7 15. f4 O-O 16. Bg2 Bxe5 17. fxe5 Nc6 18. b4 b5 19. Ke2 a5 20. bxa5 Nxa5 21. Rhb1 Nb3 22. Ra3 Nxd2 23. Kxd2 Nb6 24. Kd3 Nc4 25. Rb3 Ra5 26. Rb4 f6 27. b3 Ra2 28. Bxd5 exd5 29. bxc4 bxc4+ 30. Ke3 Rc2 31. Rb5 Rxc3+ 32. Kf4 Rd3 33. Rxd5 fxe5+ 34. Kxe5 Re3+ 35. Kd6 c3 36. h4 Rd8+ 37. Kc5 Rc8+ 38. Kd6 c2 39. Rc1 Rd3 40. Kd7 Rcc3 41. Ke6 h6 42. Rc5 Rd1 43. Rxc3 Rxc1 44. Rc8+ Kh7 45. Kd5 Kg6 46. Rc7 h5 47. Rc6+ Kf7 48. gxh5 Ke7 49. Rc7+ Kf6 50. Rc3 Kf5 51. Rc7 Kf6 52. Rc5 Ke7 53. Rc3 Kd7 54. Kc5 Ra1 55. Rxc2 Ra5+ 56. Kc4 Rxh5 57. Rg2 Rxh4 58. Rxg7+ Kd6 59. Rg6+ Kd7 60. Kc5 Rh1 61. Rg7+ Kd8 62. d5 Rh6 63. Rb7 Kc8 64. Ra7 Kd8 65. Rg7 Kc8 66. d6 Rh1 67. d7+ Kd8 68. Kd4 1/2-1/2

[Event "SVK Extraliga 2019-20"]
[Site "Slovakia"]
[Date "2020.03.01"]
[Round "8.7"]
[White "Cibickova, Zuzana"]
[Black "Zambor, Norbert"]
[Result "1/2-1/2"]
[ECO "B00"]
[WhiteElo "2253"]
[BlackElo "2252"]
[Annotator "ChessBase"]
[PlyCount "110"]
[EventDate "2019.10.19"]
[EventType "team-tourn"]
[EventCountry "SVK"]
[SourceTitle "playchess.com"]
[Source "ChessBase"]
[SourceQuality "1"]
[WhiteTeam "Podhajska"]
[BlackTeam "Prakovce"]
[TimeControl "40/5400+30:1800+30"]

1. e4 e6 2. d4 d5 3. Nc3 Nf6 4. e5 Nfd7 5. f4 c5 6. Nf3 Nc6 7. Be3 a6 8. Qd2 b5 9. dxc5 Nxc5 10. Qf2 b4 11. Bxc5 bxc3 12. b3 Be7 13. Bd3 Rb8 14. Bxe7 Qxe7 15. O-O g6 16. Kh1 Nb4 17. Qd4 Bd7 18. Qxc3 O-O 19. Qd2 Rfc8 20. Rfc1 a5 21. c3 Nxd3 22. Qxd3 Bb5 23. Qe3 Rc5 24. a4 Ba6 25. Nd4 Rbc8 26. Ra2 Qh4 27. Rac2 h6 28. h3 g5 29. fxg5 Qxg5 30. Re1 Qg6 31. Rd1 Qg5 32. Qe1 Qg6 33. Qd2 Qg5 34. Qe1 Qg6 35. Rdc1 Bd3 36. Rf2 Qg3 37. Nf3 Be4 38. Qe3 Rxc3 39. Rxc3 Rxc3 40. Qxc3 Qxf2 41. Qc8+ Kg7 42. Qd8 Bxf3 43. Qf6+ Kg8 44. gxf3 Qf1+ 45. Kh2 Qf2+ 46. Kh1 Qg3 47. h4 h5 48. Qd8+ Kg7 49. Qf6+ Kg8 50. Qd8+ Kh7 51. Qf6 Qg6 52. Qf4 Kg7 53. Kh2 Qc2+ 54. Kg3 Qxb3 55. Qg5+ Kf8 1/2-1/2

[Event "SVK Extraliga 2019-20"]
[Site "Slovakia"]
[Date "2020.03.01"]
[Round "8.7"]
[White "Bombek, Peter"]
[Black "Sepesi, Samuel"]
[Result "1/2-1/2"]
[ECO "A45"]
[WhiteElo "2161"]
[BlackElo "2161"]
[Annotator "ChessBase"]
[PlyCount "67"]
[EventDate "2019.10.19"]
[EventType "team-tourn"]
[EventCountry "SVK"]
[SourceTitle "playchess.com"]
[Source "ChessBase"]
[SourceQuality "1"]
[WhiteTeam "Dubnica"]
[BlackTeam "Snina"]
[TimeControl "40/5400+30:1800+30"]

1. d4 Nf6 2. Bg5 d5 3. Nd2 Nbd7 4. Ngf3 g6 5. e3 Bg7 6. c4 c6 7. Bd3 O-O 8. O-O Re8 9. Rc1 Qb6 10. Qc2 e5 11. Nxe5 Nxe5 12. dxe5 Rxe5 13. Nf3 Re8 14. Bxf6 Bxf6 15. cxd5 cxd5 16. b3 Bg4 17. Qc7 Rec8 18. Qxb6 axb6 19. Rxc8+ Rxc8 20. h3 Bxf3 21. gxf3 d4 22. Rd1 Rd8 23. Kf1 dxe3 24. fxe3 b5 25. Ke2 b4 26. Be4 Rxd1 27. Kxd1 b6 28. Kc2 Be7 29. Kd3 Bc5 30. Bd5 Kf8 31. e4 f6 32. f4 Ke7 33. Ke2 g5 34. fxg5 1/2-1/2

[Event "SVK Extraliga 2019-20"]
[Site "Slovakia"]
[Date "2020.03.01"]
[Round "8.7"]
[White "Sobek, Michal"]
[Black "Varga, Lukas"]
[Result "1-0"]
[ECO "B52"]
[WhiteElo "2036"]
[BlackElo "1926"]
[Annotator "ChessBase"]
[PlyCount "31"]
[EventDate "2019.10.19"]
[EventType "team-tourn"]
[EventCountry "SVK"]
[SourceTitle "playchess.com"]
[Source "ChessBase"]
[SourceQuality "1"]
[WhiteTeam "Modra"]
[BlackTeam "Kosice"]
[TimeControl "40/5400+30:1800+30"]

1. e4 c5 2. Nf3 d6 3. Bb5+ Bd7 4. Bxd7+ Qxd7 5. O-O Nc6 6. c3 Nf6 7. Re1 g5 8. e5 Nd5 9. e6 fxe6 10. Nxg5 Nf4 11. d4 h6 12. Ne4 Ng6 13. d5 Nd8 14. Qh5 Rg8 15. f4 Nf7 16. f5 1-0

[Event "SVK Extraliga 2019-20"]
[Site "Slovakia"]
[Date "2020.03.01"]
[Round "8.7"]
[White "Varga, Lukas"]
[Black "Sobek, Michal"]
[Result "*"]
[ECO "B52"]
[WhiteElo "1926"]
[BlackElo "2036"]
[Annotator "ChessBase"]
[PlyCount "22"]
[EventDate "2019.10.19"]
[EventType "team-tourn"]
[EventCountry "SVK"]
[SourceTitle "playchess.com"]
[Source "ChessBase"]
[SourceQuality "1"]
[WhiteTeam "Kosice"]
[BlackTeam "Modra"]
[TimeControl "40/5400+30:1800+30"]

1. e4 c5 2. Nf3 d6 3. Bb5+ Bd7 4. Bxd7+ Qxd7 5. O-O Nc6 6. c3 Nf6 7. Re1 g5 8. e5 Nd5 9. e6 fxe6 10. Nxg5 Nf4 11. d4 h6 *

[Event "SVK Extraliga 2019-20"]
[Site "Slovakia"]
[Date "2020.03.01"]
[Round "8.7"]
[White "Bochnickova, Simona"]
[Black "Kantorik, Marian"]
[Result "0-1"]
[ECO "B03"]
[WhiteElo "1655"]
[BlackElo "2221"]
[Annotator "ChessBase"]
[PlyCount "54"]
[EventDate "2019.10.19"]
[EventType "team-tourn"]
[EventCountry "SVK"]
[SourceTitle "playchess.com"]
[Source "ChessBase"]
[SourceQuality "1"]
[WhiteTeam "Bratislava"]
[BlackTeam "Dunajov"]
[TimeControl "40/5400+30:1800+30"]

1. e4 Nf6 2. e5 Nd5 3. d4 d6 4. c4 Nb6 5. exd6 cxd6 6. Nc3 g6 7. Be3 Bg7 8. Rc1 O-O 9. b3 f5 10. d5 N8d7 11. Nf3 Nf6 12. Bd3 h6 13. Nh4 Kh7 14. O-O e5 15. dxe6 Bxe6 16. Nf3 Nbd7 17. Bb1 Ne5 18. Nd4 Bf7 19. Ndb5 d5 20. cxd5 a6 21. Na3 Nxd5 22. Nxd5 Bxd5 23. f4 Ng4 24. Bc5 Qh4 25. h3 Qg3 26. Rf2 Qh2+ 27. Kf1 Rfe8 0-1

[Event "SVK Extraliga 2019-20"]
[Site "Slovakia"]
[Date "2020.03.01"]
[Round "8.8"]
[White "Danada, Tomas"]
[Black "Gazik, Igor"]
[Result "1-0"]
[ECO "A48"]
[WhiteElo "2302"]
[BlackElo "2256"]
[Annotator "ChessBase"]
[PlyCount "81"]
[EventDate "2019.10.19"]
[EventType "team-tourn"]
[EventCountry "SVK"]
[SourceTitle "playchess.com"]
[Source "ChessBase"]
[SourceQuality "1"]
[WhiteTeam "Prakovce"]
[BlackTeam "Podhajska"]
[TimeControl "40/5400+30:1800+30"]

1. Nf3 Nf6 2. d4 g6 3. c4 Bg7 4. Nc3 O-O 5. e4 d6 6. h3 Nbd7 7. Be3 e5 8. d5 Nc5 9. Nd2 a5 10. g4 c6 11. Be2 Bd7 12. h4 a4 13. g5 Ne8 14. h5 Qa5 15. Rb1 Nc7 16. Kf1 cxd5 17. exd5 Bf5 18. Bxc5 Qxc5 19. Nde4 Qd4 20. Rh4 Kh8 21. h6 Bxh6 22. Rxh6 f6 23. Nxf6 Rxf6 24. gxf6 Bxb1 25. Qxd4 exd4 26. Nxb1 Rf8 27. Rh4 Rxf6 28. Rxd4 Na6 29. Kg2 Nc5 30. Kg3 g5 31. Nc3 Kg7 32. Ne4 Rh6 33. Nxc5 dxc5 34. Re4 Rb6 35. Bd1 Rxb2 36. Bxa4 Rxa2 37. d6 Rxa4 38. d7 Ra3+ 39. Re3 Ra8 40. Re8 Ra3+ 41. Kg2 1-0

[Event "SVK Extraliga 2019-20"]
[Site "Slovakia"]
[Date "2020.03.01"]
[Round "8.8"]
[White "Federic, Pavol"]
[Black "Nadzamova, Viktoria"]
[Result "*"]
[ECO "C80"]
[WhiteElo "2120"]
[BlackElo "1960"]
[Annotator "ChessBase"]
[PlyCount "30"]
[EventDate "2019.10.19"]
[EventType "team-tourn"]
[EventCountry "SVK"]
[SourceTitle "playchess.com"]
[Source "ChessBase"]
[SourceQuality "1"]
[WhiteTeam "Modra"]
[BlackTeam "Kosice"]
[TimeControl "40/5400+30:1800+30"]

1. e4 e5 2. Nf3 Nc6 3. Bb5 a6 4. Ba4 Nf6 5. O-O Nxe4 6. Re1 Nc5 7. Bxc6 dxc6 8. Rxe5+ Ne6 9. d4 Bd6 10. Re1 O-O 11. c4 c5 12. d5 Nf4 13. Nc3 Bf5 14. Ne4 Re8 15. Bxf4 Bxe4 *

[Event "SVK Extraliga 2019-20"]
[Site "Slovakia"]
[Date "2020.03.01"]
[Round "8.8"]
[White "Pcola st., Jaroslav"]
[Black "Kovacik, Emil"]
[Result "1/2-1/2"]
[ECO "C15"]
[WhiteElo "2076"]
[BlackElo "2117"]
[Annotator "ChessBase"]
[PlyCount "92"]
[EventDate "2019.10.19"]
[EventType "team-tourn"]
[EventCountry "SVK"]
[SourceTitle "playchess.com"]
[Source "ChessBase"]
[SourceQuality "1"]
[WhiteTeam "Snina"]
[BlackTeam "Dubnica"]
[TimeControl "40/5400+30:1800+30"]

1. e4 e6 2. d4 d5 3. Nc3 Bb4 4. Nge2 dxe4 5. a3 Be7 6. Nxe4 Nf6 7. Nxf6+ Bxf6 8. Be3 O-O 9. Ng3 c5 10. dxc5 Bxb2 11. Qxd8 Rxd8 12. Rb1 Bc3+ 13. Ke2 Nc6 14. Ne4 Ba5 15. Kf3 Ne5+ 16. Kg3 f5 17. Nd6 Bc7 18. Bg5 Bxd6 19. Bxd8 Bxc5 20. Be2 Bd6 21. Kh3 Nf7 22. Rhd1 Bxa3 23. Ra1 Bc5 24. f4 e5 25. Bc4 exf4 26. Bg5 Kf8 27. Bxf4 Be7 28. Kg3 g5 29. Bc7 f4+ 30. Kf2 Bg4 31. Be2 Bxe2 32. Kxe2 Rc8 33. Ba5 Rxc2+ 34. Rd2 Rxd2+ 35. Bxd2 Bc5 36. h4 h6 37. hxg5 hxg5 38. Rb1 b6 39. Bb4 Bxb4 40. Rxb4 Nd6 41. g3 fxg3 42. Rg4 Ke7 43. Rxg5 Ke6 44. Rxg3 Kd5 45. Kd3 Kc5 46. Rg4 b5 {[%emt 0:08:27] Ke4} 1/2-1/2

[Event "SVK Extraliga 2019-20"]
[Site "Slovakia"]
[Date "2020.03.01"]
[Round "8.8"]
[White "Magat, Jozef"]
[Black "Striskova, Lucia"]
[Result "1/2-1/2"]
[ECO "A48"]
[WhiteElo "2037"]
[BlackElo "1649"]
[Annotator "ChessBase"]
[PlyCount "82"]
[EventDate "2019.10.19"]
[EventType "team-tourn"]
[EventCountry "SVK"]
[SourceTitle "playchess.com"]
[Source "ChessBase"]
[SourceQuality "1"]
[WhiteTeam "Dunajov"]
[BlackTeam "Bratislava"]
[TimeControl "40/5400+30:1800+30"]

1. d4 Nf6 2. Nf3 g6 3. c4 Bg7 4. Nc3 O-O 5. e4 d6 6. h3 c5 7. d5 e6 8. Bd3 exd5 9. cxd5 a6 10. a4 Re8 11. O-O Nbd7 12. Bg5 Qc7 13. Re1 Ne5 14. Nxe5 Rxe5 15. Bf4 Re8 16. Qd2 Bd7 17. a5 Re7 18. Bc4 Rae8 19. e5 Nh5 20. exd6 Rxe1+ 21. Rxe1 Rxe1+ 22. Qxe1 Qc8 23. Bg5 f6 24. Bh4 Bf8 25. Ne4 f5 26. Ng3 Bxd6 27. Nxh5 gxh5 28. Qc3 Qe8 29. Bg5 Qe5 30. Qxe5 Bxe5 31. Be3 Bd6 32. h4 Kf7 33. g3 Bb5 34. Bb3 Bd3 35. Bd1 Kg6 36. Bf4 Bxf4 37. gxf4 Be4 38. d6 Bc6 39. Bf3 Kf6 40. d7 Ke7 41. Bxh5 Kxd7 1/2-1/2

[Event "SVK Extraliga 2019-20"]
[Site "Slovakia"]
[Date "2020.03.01"]
[Round "8.8"]
[White "Nadzamova, Viktoria"]
[Black "Federic, Pavol"]
[Result "0-1"]
[ECO "C80"]
[WhiteElo "1960"]
[BlackElo "2120"]
[Annotator "NA"]
[PlyCount "60"]
[EventDate "2019.10.19"]
[EventType "team-tourn"]
[EventCountry "SVK"]
[SourceTitle "playchess.com"]
[Source "ChessBase"]
[SourceQuality "1"]
[WhiteTeam "Kosice"]
[BlackTeam "Modra"]
[TimeControl "40/5400+30:1800+30"]

1. e4 e5 2. Nf3 Nc6 3. Bb5 a6 4. Ba4 Nf6 5. O-O Nxe4 6. Re1 Nc5 7. Bxc6 dxc6 8. Rxe5+ {[%emt 0:01:21] C80: Open Ruy Lopez: Sidelines and 9 Nbd2.} Ne6 9. d4 Bd6 10. Re1 O-O 11. c4 {[%emt 0:01:23] [#]} c5 $146 ({Predecessor:} 11... b6 12. Nc3 Bb7 13. Ne4 Bf4 14. Bxf4 Nxf4 15. Qd2 Ng6 16. c5 Bc8 17. Rac1 b5 {1-0 (55) Grima Crespo,E (2030)-Illan Garcia,F (2005) Castelldefels 2001}) 12. d5 Nf4 13. Nc3 Bf5 14. Ne4 Re8 15. Bxf4 Bxe4 16. Bxd6 Qxd6 17. Ng5 Bg6 18. Qf3 Re5 19. Qg3 Rae8 20. f4 R5e7 21. Rxe7 Qxe7 22. Nf3 Qe3+ 23. Kh1 Re4 24. Re1 Qd3 25. b3 h6 26. Qf2 Rxf4 27. Qxc5 Be4 28. Ng1 Rg4 29. Re2 Rxg2 30. Rxg2 {[%emt 0:03:02] [#]} Qf1 {[%emt 0:00:07] Pin} 0-1

[Event "SVK Extraliga 2019-20"]
[Site "Slovakia"]
[Date "2020.09.04"]
[Round "9"]
[White "Mrvova, Alena"]
[Black "Varga, Lukas"]
[Result "0-1"]
[ECO "B90"]
[WhiteElo "2168"]
[BlackElo "2065"]
[Annotator "ChessBase"]
[PlyCount "94"]
[EventDate "2019.10.19"]
[EventType "team-tourn"]
[EventCountry "SVK"]
[SourceTitle "playchess.com"]
[Source "ChessBase"]
[SourceQuality "1"]
[WhiteTeam "Snina"]
[BlackTeam "Kosice"]
[TimeControl "40/5400+30:1800+30"]

1. e4 c5 2. Nf3 d6 3. d4 cxd4 4. Nxd4 Nf6 5. Nc3 a6 6. Be3 e5 7. Nb3 Be6 8. Qd2 Be7 9. Be2 Nbd7 10. f3 O-O 11. O-O Nb6 12. Kh1 Rc8 13. Rfd1 Qc7 14. Qe1 Nc4 15. Bxc4 Bxc4 16. Rac1 d5 17. Nxd5 Nxd5 18. exd5 Rfd8 19. Nd2 Bxd5 20. c4 Be6 21. Qg3 f5 22. Qf2 Rd3 23. b3 Qd6 24. f4 e4 25. Re1 Qb4 26. Nf1 Rcd8 27. Rc2 Qd6 28. Bc1 Rd1 29. Rce2 Rxe1 30. Rxe1 Bf6 31. Ne3 Qc5 32. Qe2 b5 33. Rd1 Rxd1+ 34. Qxd1 bxc4 35. bxc4 Bd4 36. Qb3 Qa5 37. Nc2 h6 38. h3 Qc3 39. Be3 Bf6 40. Na3 Qe1+ 41. Kh2 Bh4 42. Bd4 Kh7 43. Nc2 Qf1 44. Qb7 Qxf4+ 45. Kg1 Qc1+ 46. Kh2 Qg5 47. Qxa6 Bg3+ 0-1

[Event "SVK Extraliga 2019-20"]
[Site "Slovakia"]
[Date "2020.09.04"]
[Round "9"]
[White "Sepesi, Samuel"]
[Black "Klemanic, Emil"]
[Result "1/2-1/2"]
[ECO "C41"]
[WhiteElo "2147"]
[BlackElo "2080"]
[Annotator "ChessBase"]
[PlyCount "42"]
[EventDate "2019.10.19"]
[EventType "team-tourn"]
[EventCountry "SVK"]
[SourceTitle "playchess.com"]
[Source "ChessBase"]
[SourceQuality "1"]
[WhiteTeam "Snina"]
[BlackTeam "Kosice"]
[TimeControl "40/5400+30:1800+30"]

1. e4 d6 2. d4 Nf6 3. Nc3 e5 4. Nf3 Nbd7 5. Bc4 Be7 6. O-O O-O 7. a4 c6 8. a5 Qc7 9. Qe2 Rb8 10. Rd1 b5 11. axb6 axb6 12. d5 b5 13. Ba2 b4 14. dxc6 bxc3 15. cxd7 Bxd7 16. bxc3 Qxc3 17. Bg5 h6 18. Bxf6 Bxf6 19. Qd2 Qxd2 20. Rxd2 Ra8 21. Rdd1 Bc8 1/2-1/2

[Event "SVK Extraliga 2019-20"]
[Site "Slovakia"]
[Date "2020.09.04"]
[Round "9"]
[White "Tropp, Oliver"]
[Black "Zambor, Norbert"]
[Result "0-1"]
[ECO "A04"]
[WhiteElo "2075"]
[BlackElo "2262"]
[Annotator "RC"]
[PlyCount "60"]
[EventDate "2019.10.19"]
[EventType "team-tourn"]
[EventCountry "SVK"]
[SourceTitle "playchess.com"]
[Source "ChessBase"]
[SourceQuality "1"]
[WhiteTeam "Liptovska"]
[BlackTeam "Prakovce"]
[TimeControl "40/5400+30:1800+30"]

1. Nf3 c5 2. g3 Nc6 3. Bg2 e5 4. d3 g6 5. h4 h5 6. c4 Bg7 7. Nc3 Nge7 8. Bg5 f6 9. Be3 d6 10. Qd2 Nf5 11. Nd5 Nxe3 12. Nxe3 Bh6 13. Qc3 Be6 14. Nd5 O-O 15. Nd2 Ne7 16. e3 f5 17. f4 Bg7 18. Qc2 Nxd5 19. cxd5 Bf7 20. O-O exf4 21. exf4 b5 22. a4 a6 23. axb5 axb5 24. Qb3 Qd7 25. Nf3 Ra4 26. Ng5 Rb4 27. Qa2 Rxb2 28. Qa7 Qxa7 29. Rxa7 c4 30. dxc4 Bd4+ 0-1

[Event "SVK Extraliga 2019-20"]
[Site "Slovakia"]
[Date "2020.09.04"]
[Round "9"]
[White "Mydlarik, Martin"]
[Black "Kovacik, Emil"]
[Result "0-1"]
[ECO "C08"]
[WhiteElo "2073"]
[BlackElo "2088"]
[Annotator "ChessBase"]
[PlyCount "78"]
[EventDate "2019.10.19"]
[EventType "team-tourn"]
[EventCountry "SVK"]
[SourceTitle "playchess.com"]
[Source "ChessBase"]
[SourceQuality "1"]
[WhiteTeam "Modra"]
[BlackTeam "Dubnica"]
[TimeControl "40/5400+30:1800+30"]

1. e4 e6 2. d4 d5 3. Nd2 c5 4. exd5 exd5 5. Ngf3 Qe7+ 6. Be2 Nf6 7. dxc5 Qxc5 8. O-O Be7 9. Nb3 Qd6 10. Bg5 O-O 11. Nbd4 Nc6 12. c3 Bg4 13. g3 Rfe8 14. Bf4 Qd8 15. Ne5 Nxe5 16. Bxe5 Bxe2 17. Nxe2 Qb6 18. Bd4 Qxb2 19. c4 Qa3 20. cxd5 Rad8 21. Nc3 Nxd5 22. Nxd5 Rxd5 23. Qg4 Bf8 24. Be3 Red8 25. Rfc1 Qa5 26. a4 Bc5 27. Bh6 g6 28. Ra2 Qb6 29. a5 Qb3 30. Rac2 Ba3 31. Rc3 Rd1+ 32. Kg2 Qd5+ 33. Kh3 Bxc1 34. Bxc1 h5 35. Qf4 Qe6+ 36. Kg2 Qe1 37. Rc7 Qh1+ 38. Kh3 Qf1+ 39. Kh4 R1d4 0-1

[Event "SVK Extraliga 2019-20"]
[Site "Slovakia"]
[Date "2020.09.04"]
[Round "9"]
[White "Popovic, Martin"]
[Black "Kravec, Patrik"]
[Result "1/2-1/2"]
[ECO "B60"]
[WhiteElo "2017"]
[BlackElo "2126"]
[Annotator "ChessBase"]
[PlyCount "48"]
[EventDate "2019.10.19"]
[EventType "team-tourn"]
[EventCountry "SVK"]
[SourceTitle "playchess.com"]
[Source "ChessBase"]
[SourceQuality "1"]
[WhiteTeam "Kosice"]
[BlackTeam "Snina"]
[TimeControl "40/5400+30:1800+30"]

1. e4 c5 2. Nf3 Nc6 3. d4 cxd4 4. Nxd4 Nf6 5. Nc3 d6 6. Bg5 Qa5 7. Nxc6 bxc6 8. Qd2 Rb8 9. Rb1 h6 10. Be3 Ng4 11. Be2 Nxe3 12. Qxe3 e6 13. O-O Be7 14. a3 O-O 15. b4 Qb6 16. Qd3 Qc7 17. f4 c5 18. Kh1 cxb4 19. axb4 Bd7 20. Nd1 a5 21. b5 Qc5 22. c4 a4 23. Qe3 Rfc8 24. Qxc5 Rxc5 1/2-1/2

[Event "SVK Extraliga 2019-20"]
[Site "Slovakia"]
[Date "2020.09.04"]
[Round "9"]
[White "Nadzamova, Viktoria"]
[Black "Harvan, Richard"]
[Result "1-0"]
[ECO "C11"]
[WhiteElo "1946"]
[BlackElo "2115"]
[Annotator "ChessBase"]
[PlyCount "51"]
[EventDate "2019.10.19"]
[EventType "team-tourn"]
[EventCountry "SVK"]
[SourceTitle "playchess.com"]
[Source "ChessBase"]
[SourceQuality "1"]
[WhiteTeam "Kosice"]
[BlackTeam "Snina"]
[TimeControl "40/5400+30:1800+30"]

1. e4 e6 2. d4 d5 3. Nc3 Nf6 4. e5 Nfd7 5. f4 c5 6. Nf3 Nc6 7. Be3 cxd4 8. Nxd4 Bc5 9. Qd2 a6 10. Be2 Qc7 11. O-O b5 12. Nxc6 Qxc6 13. Kh1 Bb7 14. Bf3 O-O 15. Rae1 Rac8 16. f5 b4 17. Ne2 exf5 18. Bxc5 Qxc5 19. Nd4 Rfe8 20. Nxf5 Nxe5 21. Rxe5 Rxe5 22. Qg5 Rxf5 23. Qxf5 Qxc2 24. Be4 Qc1 25. Qxf7+ Kh8 26. Bc2 1-0

[Event "SVK Extraliga 2019-20"]
[Site "Slovakia"]
[Date "2020.09.05"]
[Round "10.1"]
[White "Cvek, Robert"]
[Black "Saric, Ivan"]
[Result "1/2-1/2"]
[ECO "E94"]
[WhiteElo "2487"]
[BlackElo "2646"]
[Annotator "RC"]
[PlyCount "41"]
[EventDate "2019.10.19"]
[EventType "team-tourn"]
[EventCountry "SVK"]
[SourceTitle "playchess.com"]
[Source "ChessBase"]
[SourceQuality "1"]
[WhiteTeam "Osuske"]
[BlackTeam "Modra"]
[TimeControl "40/5400+30:1800+30"]

1. Nf3 Nf6 2. c4 g6 3. Nc3 Bg7 4. e4 d6 5. d4 O-O 6. Be2 e5 7. O-O Na6 8. Be3 Qe7 9. dxe5 dxe5 10. Nd5 Qd8 11. Nxf6+ Qxf6 12. c5 Qc6 13. Qc2 Nb4 14. Qc4 a5 15. a3 Na6 16. Rac1 Be6 17. Qc3 a4 18. Bc4 Bxc4 19. Qxc4 Rad8 20. Nd2 Kh8 21. b4 1/2-1/2

[Event "SVK Extraliga 2019-20"]
[Site "Slovakia"]
[Date "2020.09.05"]
[Round "10.3"]
[White "Bernasek, Jan"]
[Black "Bokros, Albert"]
[Result "1-0"]
[ECO "A06"]
[WhiteElo "2494"]
[BlackElo "2483"]
[Annotator "RC"]
[PlyCount "105"]
[EventDate "2019.10.19"]
[EventType "team-tourn"]
[EventCountry "SVK"]
[SourceTitle "playchess.com"]
[Source "ChessBase"]
[SourceQuality "1"]
[BlackTeam "Streda"]
[TimeControl "40/5400+30:1800+30"]

1. Nf3 d5 2. e3 Nf6 3. c4 e6 4. b3 Be7 5. Bb2 O-O 6. Be2 b6 7. O-O Bb7 8. d4 Nbd7 9. Nbd2 c5 10. Rc1 cxd4 11. Nxd4 Rc8 12. N2f3 a6 13. a4 Bb4 14. cxd5 Nxd5 15. Bc4 Nc5 16. Nc2 Bc3 17. Ba3 a5 18. Qe2 Qf6 19. Ncd4 Bb4 20. Bb2 Qg6 21. Rfd1 Rfd8 22. Ne5 Nf4 23. Nxg6 Nxe2+ 24. Nxe2 hxg6 25. Nd4 Bd5 26. Bxd5 Rxd5 27. f4 Rcd8 28. Rc2 Nxb3 29. Rb1 Nd2 30. Ra1 Ne4 31. Kf1 g5 32. Nc6 Rd1+ 33. Rxd1 Rxd1+ 34. Ke2 Re1+ 35. Kf3 f5 36. fxg5 Rf1+ 37. Ke2 Re1+ 38. Kf3 Bd6 39. h4 Bc5 40. Bd4 Rh1 41. g3 Rg1 42. Bxc5 Rxg3+ 43. Kf4 Rg4+ 44. Ke5 Nxc5 45. Kd6 Kh7 46. Ke7 Rxa4 47. h5 f4 48. g6+ Kh6 49. Rh2 Nd3 50. Nd8 Kg5 51. h6 Ne5 52. hxg7 Nxg6+ 53. Ke8 1-0

[Event "SVK Extraliga 2019-20"]
[Site "Slovakia"]
[Date "2020.09.05"]
[Round "10.4"]
[White "Vymazal, Bronislav"]
[Black "Matejovic, Juraj"]
[Result "1/2-1/2"]
[ECO "B40"]
[WhiteElo "2351"]
[BlackElo "2239"]
[Annotator "ChessBase"]
[PlyCount "68"]
[EventDate "2019.10.19"]
[EventType "team-tourn"]
[EventCountry "SVK"]
[SourceTitle "playchess.com"]
[Source "ChessBase"]
[SourceQuality "1"]
[WhiteTeam "Podhajska"]
[BlackTeam "Dunajov"]
[TimeControl "40/5400+30:1800+30"]

1. e4 c5 2. Nf3 e6 3. d4 cxd4 4. Nxd4 Nf6 5. Nc3 Nc6 6. Nxc6 bxc6 7. Bd3 e5 8. O-O Be7 9. Qe2 O-O 10. Rd1 d6 11. Bc4 Bg4 12. f3 Be6 13. Bb3 Qc7 14. Bg5 Rad8 15. Kh1 Nh5 16. Be3 Rd7 17. Rd2 Rfd8 18. Rad1 h6 19. g3 Nf6 20. Bf2 d5 21. exd5 cxd5 22. Ba4 d4 23. Bxd7 dxc3 24. Bxe6 Rxd2 25. Rxd2 cxd2 26. Bb3 Qd7 27. c3 Qf5 28. Be3 Qb1+ 29. Kg2 Qxb2 30. Qxd2 Qxd2+ 31. Bxd2 Bc5 32. Kf1 Kf8 33. Ke2 Ke7 34. f4 Ne4 1/2-1/2

[Event "SVK Extraliga 2019-20"]
[Site "Slovakia"]
[Date "2020.09.05"]
[Round "10.4"]
[White "Kralovic, Andrej"]
[Black "Krak, Tomas"]
[Result "1-0"]
[ECO "B31"]
[WhiteElo "2211"]
[BlackElo "2326"]
[Annotator "ChessBase"]
[PlyCount "53"]
[EventDate "2019.10.19"]
[EventType "team-tourn"]
[EventCountry "SVK"]
[SourceTitle "playchess.com"]
[Source "ChessBase"]
[SourceQuality "1"]
[BlackTeam "Snina"]
[TimeControl "40/5400+30:1800+30"]

1. e4 c5 2. Nf3 Nc6 3. Bb5 g6 4. Bxc6 dxc6 5. d3 Bg7 6. O-O Nf6 7. h3 Nd7 8. Nc3 Nf8 9. Be3 Ne6 10. Qd2 Nd4 11. Nh2 Qa5 12. a3 O-O 13. Rfb1 Qc7 14. Ne2 Rd8 15. Nxd4 cxd4 16. Bh6 Bh8 17. f4 c5 18. b3 a5 19. a4 b6 20. Rf1 f6 21. Rae1 e6 22. Qf2 Re8 23. Qh4 Qf7 24. Ng4 Bb7 25. Bg5 fxg5 26. Nh6+ Kg7 27. fxg5 1-0

[Event "SVK Extraliga 2019-20"]
[Site "Slovakia"]
[Date "2020.09.05"]
[Round "10.5"]
[White "Hausner, Ivan"]
[Black "Jablonicky, Martin"]
[Result "1-0"]
[ECO "E81"]
[WhiteElo "2337"]
[BlackElo "2318"]
[Annotator "ChessBase"]
[PlyCount "125"]
[EventDate "2019.10.19"]
[EventType "team-tourn"]
[EventCountry "SVK"]
[SourceTitle "playchess.com"]
[Source "ChessBase"]
[SourceQuality "1"]
[WhiteTeam "Liptovska"]
[BlackTeam "Osuske"]
[TimeControl "40/5400+30:1800+30"]

1. d4 Nf6 2. c4 g6 3. Nc3 Bg7 4. e4 d6 5. f3 O-O 6. Be3 a6 7. Qd2 c6 8. Bd3 b5 9. b3 Nbd7 10. Nge2 e5 11. d5 cxd5 12. cxd5 Nh5 13. O-O f5 14. Rac1 Ndf6 15. a4 b4 16. Nd1 fxe4 17. fxe4 Ng4 18. Nf2 Nxe3 19. Qxe3 Nf4 20. Rc6 Bh6 21. Nxf4 Bxf4 22. Qe1 Bb7 23. Rc2 Qb6 24. g3 Be3 25. Kg2 Qd4 26. Bc4 a5 27. Re2 Bh6 28. Qd1 Qxd1 29. Nxd1 Rxf1 30. Kxf1 Bc8 31. Nf2 Bd7 32. Kg2 Rc8 33. Rc2 Be3 34. Bd3 Rc3 35. Rxc3 bxc3 36. Kf3 Bd4 37. Ng4 Kf7 38. Ne3 h5 39. Bc2 Bc5 40. Nc4 Bg4+ 41. Kg2 Bb4 42. Ne3 Bc8 43. Nc4 Ke7 44. Kf2 Bh3 45. Ke2 Kd7 46. Ne3 Kc7 47. Nc4 Bc5 48. Nxa5 Bg1 49. b4 Bxh2 50. Kf2 g5 51. Nc4 h4 52. gxh4 gxh4 53. b5 Bg3+ 54. Kf3 Bf4 55. b6+ Kb7 56. a5 Bf1 57. Nxd6+ Kb8 58. Kf2 Ba6 59. Kg2 Bc8 60. Nf5 Kb7 61. Nxh4 Ka6 62. Nf5 Bg5 63. Nd6 1-0